 Dungeon Crawl Stone Soup version 0.25-a0-697-g890751e744 (webtiles) character file.

Game seed: 11375052030088237328, levelgen mode: deterministic

671 Ashen the Magician (level 7, -10/52 HPs)
             Began as a Mummy Summoner on Apr 1, 2020.
             Was an Initiate of Ashenzari.
             Killed from afar by a gargoyle (18 damage)
             ... with a stone arrow
             ... on level 5 of the Dungeon.
             The game lasted 00:29:21 (7376 turns).

Ashen the Magician (Mummy Summoner)                 Turns: 7376, Time: 00:29:21

Health: -10/52     AC:  2    Str: 11    XL:     7   Next: 32%
Magic:  1/14       EV: 13    Int: 17    God:    Ashenzari [......]
Gold:   308        SH:  3    Dex: 15    Spells: 5/16 levels left

rFire    x . .     SeeInvis .   q - +1 whip (venom) (curse)
rCold    + . .     Gourm    .   b - +0 buckler (curse)
rNeg     + + +     Faith    .   a - +0 robe
rPois    ∞         Spirit   .   (no helmet)
rElec    .         Reflect  .   (no cloak)
rCorr    .         Harm     .   (no gloves)
MR       .....                  (no boots)
Stlth    ++........             (no amulet)
HPRegen  0.17/turn              f - +3 ring of dexterity
MPRegen  0.14/turn              (no ring)

@: no status effects
A: no food or potions, fire vulnerability, cold resistance 1, negative energy
resistance 3, torment resistance, unbreathing
a: Curse Item, Renounce Religion


You were on level 5 of the Dungeon.
You worshipped Ashenzari.
Ashenzari was noncommittal.
You were not hungry.

You visited 2 branches of the dungeon, and saw 7 of its levels.

You collected 308 gold pieces.

Inventory:

Hand Weapons
 i - a +0 rapier
 k - a +0 whip of flaming
 q - a cursed +1 whip of venom (weapon)
Armour
 a - a +0 robe (worn)
 b - a cursed +0 buckler (worn)
 m - a +0 helmet
 u - the cursed +1 scale mail of Amorality {rElec rN++ rCorr Str+3}
   (You found it on level 5 of the Dungeon)

   It affects your strength (+3).
   It insulates you from electricity.
   It greatly protects you from negative energy.
   It provides partial protection from all sources of acid and corrosion.
   It has a curse placed upon it.
Jewellery
 f - a +3 ring of dexterity (left hand)
 n - an uncursed amulet of guardian spirit
Wands
 h - a wand of digging (3)
 t - a wand of paralysis (7)
Scrolls
 c - 5 scrolls of remove curse
 d - 3 scrolls of immolation
 e - 2 scrolls of enchant weapon
 g - a scroll of magic mapping
 j - a scroll of fear
 l - a scroll of random uselessness
 o - 2 scrolls of amnesia
 p - 2 scrolls of teleportation
 r - a scroll of fog {unknown}
 s - 3 scrolls of identify


   Skills:
 + Level 3.2 Fighting
 + Level 3.4 Dodging
 - Level 3.0 Stealth
 + Level 5.1 Spellcasting
 + Level 4.6 Summonings


You had 5 spell levels left.
You knew the following spells:

 Your Spells              Type           Power        Failure   Level  Hunger
a - Summon Small Mammal   Summ           ###.         3%          1    N/A
b - Call Imp              Summ           ###.....     5%          2    N/A
c - Call Canine Familiar  Summ           ###.....     11%         3    N/A
d - Animate Skeleton      Necr           N/A          24%         1    N/A
e - Summon Ice Beast      Ice/Summ       ##......     65%         4    N/A

Your spell library contained the following spells:

 Spells                   Type           Power        Failure   Level  Hunger
 Apportation              Tloc           #.....       24%         1    N/A
 Corona                   Hex            #......      24%         1    N/A
 Summon Guardian Golem    Hex/Summ       ##......     26%         3    N/A
 Summon Lightning Spire   Summ/Air       ##......     65%         4    N/A

Dungeon Overview and Level Annotations

Branches:
Dungeon (6/15)             Temple (1/1) D:4

Altars:
Ashenzari
Dithmenos
Elyvilon
Fedhas
Gozag
Hepliaklqana
Kikubaaqudgha
Makhleb
Okawaru
Qazlal
Sif Muna
Trog
Uskayaw
Vehumet
Wu Jian
Yredelemnul
The Shining One

Annotations:
D:3 1 runed translucent door, Rotter5's ghost, amateur DrCj


Innate Abilities, Weirdness & Mutations

You do not eat or drink.
Your flesh is vulnerable to fire.
You are immune to poison.
Your flesh is cold resistant. (rC+)
You are immune to negative energy. (rN+++)
You are immune to unholy pain and torment.
You can survive without breathing.


Message History

Your bat's corpse disappears in a puff of smoke!
Casting: Summon Small Mammal (safe; 3% risk of failure)
Confirm with . or Enter, or press ? or * to list all spells.
Your bat hits the gargoyle.
Your bat hits the gargoyle but does no damage.
Your bat hits the gargoyle but does no damage.
Your bat barely misses the gargoyle.
The gargoyle barely misses your bat.
Your bat hits the gargoyle but does no damage.
The gargoyle hurls a stone arrow at you.
The stone arrow hits your bat!!
Your bat dies!
Your bat's corpse disappears in a puff of smoke!
You see here a ration.
Casting: Summon Small Mammal (safe; 3% risk of failure)
Confirm with . or Enter, or press ? or * to list all spells.
Casting: Summon Small Mammal (safe; 3% risk of failure)
Confirm with . or Enter, or press ? or * to list all spells.
The gargoyle hurls a stone arrow at you.
The stone arrow hits you!!
You die...

###################
#.@b..............#
#.#########.#####.# ########
#.# #.# ##.#
.......########9###### #.#
##... ######.....r9.r.>...[#
#9###....
#####.#########.####.##.....
##.###.%9.9....##......_.
#####.r.##.#####.#.#####.....
#.......9..# #.#.# ##9...


You could see a gargoyle, a friendly quokka and a friendly bat.

Vanquished Creatures
  Sigmund (D:4)
  A crimson imp (D:5)
  An orc priest (D:3)
  A hound (D:4)
  4 worker ants
  2 adders
  2 adder skeletons (D:4)
  A worm (D:3)
  3 leopard geckos
  3 orcs
  5 hobgoblins
  8 jackals
  6 kobolds
  3 quokkas
  6 bats
  2 frilled lizards
  6 goblins
  A rat (D:1)
56 creatures vanquished.

Vanquished Creatures (collateral kills)
  Grinder (D:3)
  An ogre (D:4)
  A phantom (D:4)
  2 orc wizards (D:3)
  A worker ant (D:5)
  Robin (D:1)
  An adder (D:4)
  A gnoll (D:2)
  2 dart slugs (D:1)
  2 orcs (D:3)
  A giant cockroach (D:2)
  11 goblins
  5 hobgoblins
  7 jackals
  2 quokkas (D:3)
  3 bats
  4 frilled lizards
  4 kobolds
  A rat (D:1)
51 creatures vanquished.

Grand Total: 107 creatures vanquished

Notes
Turn   | Place    | Note
-------+----------+-------------------------------------------
     0 | D:1      | Ashen the Mummy Summoner began the quest for the Orb.
     0 | D:1      | Reached XP level 1. HP: 13/13 MP: 4/4
   185 | D:1      | Reached XP level 2. HP: 10/19 MP: 1/5
   655 | D:1      | Reached skill level 3 in Spellcasting
  1073 | D:2      | Learned a level 2 spell: Call Imp
  1350 | D:2      | You fall into a shaft and drop 1 floor!
  1483 | D:3      | Found a runed translucent door,
  1483 | D:3      | Noticed Rotter5's ghost (amateur DrCj)
  1646 | D:2      | Reached XP level 3. HP: 25/25 MP: 3/7
  1696 | D:2      | Learned a level 3 spell: Call Canine Familiar
  1698 | D:2      | Learned a level 1 spell: Animate Skeleton
  1798 | D:2      | Noticed Robin
  1969 | D:1      | Killed Robin
  2366 | D:2      | Reached skill level 1 in Fighting
  2716 | D:3      | Noticed Grinder
  2843 | D:3      | Reached XP level 4. HP: 32/32 MP: 9/9
  3449 | D:3      | Paralysed by Grinder for 5 turns
  3804 | D:3      | Killed Grinder
  3804 | D:3      | Reached XP level 5. HP: 38/38 MP: 0/10
  3991 | D:3      | Reached skill level 4 in Spellcasting
  4746 | D:3      | Found a glowing golden altar of the Shining One,
  4867 | D:4      | Noticed Sigmund
  4881 | D:4      | Killed Sigmund
  4881 | D:4      | Reached XP level 6. HP: 20/46 MP: 7/12
  5672 | D:4      | Found a basalt altar of Yredelemnul,
  5779 | D:4      | Found a staircase to the Ecumenical Temple,
  5841 | Temple   | Entered the Ecumenical Temple
  5860 | Temple   | Learned a level 4 spell: Summon Ice Beast
  5911 | Temple   | Became a worshipper of Ashenzari the Shackled
  6105 | D:4      | Reached XP level 7. HP: 50/52 MP: 14/14
  6333 | D:4      | Reached skill level 5 in Spellcasting
  6589 | D:5      | Entered Level 5 of the Dungeon
  6623 | D:5      | Found a bloodstained altar of Trog,
  7131 | D:5      | Got the cursed scale mail of Amorality {rElec rN++ rCorr
                  | Str+3}
  7135 | D:5      | Found a hazy altar of Hepliaklqana,
  7161 | D:5      | Noticed a gargoyle
  7376 | D:5      | Killed from afar by a gargoyle

Levels and vault maps discovered:
D:1:      matt_arrival_grand_opening, layout_rooms, serial_park_tiny_1,
          minivault_19
D:2:      layout_loops_ring, first_ration, minmay_unequal, uniq_robin
D:3:      layout_basic, lemuel_coloured_pillars_altar, gammafunk_ghost_grave,
          uniq_grinder
D:4:      layout_basic, old_standard_altar, minmay_temple_entry_mini_moons,
          uniq_sigmund
D:5:      layout_loops_ring, lemuel_round_altar, lightli_temple_of_fire
D:6:      layout_rooms, zin_purify, gup_ossuary_entry_pyramid,
          lemuel_statue_altar
Temple:   nicolae_temple_god_jail

Skill      XL: |  1  2  3  4  5  6  7 |
---------------+----------------------+-----
Spellcasting   | 3 4 5 |  5.1
Stealth        | 2 3 |  3.0
Dodging        | 2 3 |  3.4
Fighting       | 1 2 3 |  3.2
Summonings     | 4 |  4.6

Action                   |  1- 3 |  4- 6 |  7- 9 || total
-------------------------+-------+-------+-------++-------
Melee: Unarmed           |    22 |       |       ||    22
       Rapier            |     5 |       |       ||     5
       Whip              |    36 |   104 |    58 ||   198
 Cast: Summon Small Mamm |    63 |     1 |     4 ||    68
       Call Imp          |    15 |    19 |    12 ||    46
       Animate Skeleton  |    14 |     8 |     7 ||    29
       Call Canine Famil |     5 |    12 |     4 ||    21
Invok: Curse Item        |       |     2 |       ||     2
  Use: Scroll            |     2 |     5 |       ||     7
 Stab: Sleeping          |     3 |     2 |     1 ||     6
       Distracted        |     1 |     1 |     1 ||     3
Armor: Robe              |    16 |    19 |     6 ||    41
Dodge: Dodged            |    67 |    76 |    48 ||   191
Block: Buckler           |       |     1 |    11 ||    12

Table legend:
 A = Non-vault XP
 B = Vault XP
 C = Vault XP percentage of total XP
 D = Non-vault monster count
 E = Vault monster count
 F = Vault count percentage of total count
                 A         B        C        D         E       F
            +---------+---------+-------+---------+---------+-------
      Total |     607 |     352 |  36.7 |      89 |      18 |  16.8
            +---------+---------+-------+---------+---------+-------
        D:1 |      24 |       8 |  25.0 |      20 |       1 |   4.8
        D:2 |      31 |      25 |  44.6 |      18 |      15 |  45.5
        D:3 |     121 |     136 |  52.9 |      25 |       1 |   3.8
        D:4 |     314 |     183 |  36.8 |      14 |       1 |   6.7
        D:5 |     115 |       0 |   0.0 |      11 |       0 |   0.0
        D:6 |       2 |       0 |   0.0 |       1 |       0 |   0.0
            +---------+---------+-------+---------+---------+-------
